 Dungeon Crawl Stone Soup version 0.28.0-53-g5a82cb258f (webtiles) character file.

Game seed: 8636017041133635486

1649 buhh the Changer (level 9, -3/69 HPs)
             Began as an Octopode Transmuter on June 15, 2022.
             Was a Follower of Cheibriados.
             Slain by an orc warrior
             ... wielding a +0 halberd
              (13 damage)
             ... in a bailey on June 16, 2022.
             The game lasted 00:33:11 (8730 turns).

buhh the Changer (Octopode Transmuter)              Turns: 8730, Time: 00:33:11

Health: -3/69      AC: 11    Str: 12    XL:     9   Next: 0%
Magic:  8/12       EV: 10    Int: 27    God:    Cheibriados [*.....]
Gold:   324        SH:  5    Dex: 14    Spells: 2/12 levels left

rFire   x . .      SeeInvis .     - Unarmed
rCold   + + +      Faith    .   (shield currently unavailable)
rNeg    . . .      Spirit   .   (helmet currently unavailable)
rPois   +          Reflect  +   i - amulet of reflection
rElec   .          Harm     .   c - ring of protection from cold
rCorr   .          Rampage  .   e - +6 ring of intelligence
Will    .....                   (no ring)
Stlth   ++........              (no ring)
HPRegen 0.21/turn               (no ring)
MPRegen 0.13/turn               (no ring)
                                (no ring)
                                (no ring)

@: mighty, ice-form, wereblooded, very slow
A: freezing attack, boosted hp, almost no armour, amphibious, 8 rings, large,
(camouflage 1), (gelatinous body 1), (nimble swimmer 1), (tentacles)
a: End Transformation, Renounce Religion, Bend Time


You were in a bailey.
You worshipped Cheibriados.
Cheibriados was aware of your devotion.
You were a creature of crystalline ice.
You visited 2 branches of the dungeon, and saw 10 of its levels.
You also visited: Bailey.

You collected 324 gold pieces.

Inventory:

Hand Weapons
 m - the +8 long sword of Fimuenon {vamp, +Blink rF++ Will+ Str-4 Dex+3}
   (You found it on level 6 of the Dungeon)

   It occasionally heals its wielder for a portion of the damage dealt when it
   wounds a living foe.
   Str:       It affects your strength (-4).
   Dex:       It affects your dexterity (+3).
   rF:        It greatly protects you from fire.
   +Blink:    It lets you blink.
   Will:      It increases your willpower.
 o - the +7 hunting sling "Ixyfuwa" {vorpal, rF- rC- rN+++ SInv}
   (You found it on level 7 of the Dungeon)

   Any ammunition fired from it inflicts extra damage upon your enemies.
   rF:        It makes you vulnerable to fire.
   rC:        It makes you vulnerable to cold.
   rN:        It renders you almost immune to negative energy.
   SInv:      It lets you see invisible.
Missiles
 a - 8 boomerangs
 d - 2 throwing nets {!f}
 p - 7 poisoned darts
Magical Staves
 n - a staff of cold (melded)
Jewellery
 c - a ring of protection from cold (left front paw)
 e - a +6 ring of intelligence (right front paw)
 i - an amulet of reflection (around neck)
Scrolls
 b - a scroll of silence {!r}
 g - 2 scrolls of identify {!d}
 F - a scroll of enchant weapon
 T - a scroll of immolation {!d}
Potions
 f - a potion of might
 h - a potion of berserk rage {!q}
 j - a potion of attraction
 k - 2 potions of flight
 q - a potion of experience {unknown}
 L - 3 potions of resistance {!q!d}
 N - 2 potions of curing {!q!d}
 U - 4 potions of mutation {!d}


   Skills:
 - Level 4.0 Fighting
 - Level 2.0 Dodging
 - Level 1.0 Stealth
 - Level 5.0 Unarmed Combat
 - Level 2.0 Spellcasting
 * Level 7.2 Transmutations
 * Level 6.2 Ice Magic


You had 2 spell levels left.
You knew the following spells:

 Your Spells              Type           Power      Damage    Failure   Level
a - Beastly Appendage     Tmut           82%        N/A       1%          1
b - Wereblood             Tmut           41%        N/A       1%          2
c - Spider Form           Tmut/Pois      22%        N/A       7%          3
d - Ice Form              Ice/Tmut       39%        N/A       6%          4

Your spell library contained the following spells:

 Spells                   Type           Power      Damage    Failure   Level
 Inner Flame              Hex/Fire       2%         N/A       28%         3
 Cause Fear               Hex            1%         N/A       67%         4
 Discord                  Hex            1%         N/A       100%        8


Dungeon Overview and Level Annotations

Branches:
Dungeon (9/15)             Temple (1/1) D:6          Bailey (1/1)
   Lair: D:8-11         Orc: D:9-12

Altars:
Cheibriados
Elyvilon
Kikubaaqudgha
Okawaru
Trog
Uskayaw
Vehumet
Xom

Annotations:
D:5 Edmund; Pikel
D:7 3 runed translucent doors, exclusion: centaur, Dowan; Duvessa; trickyswaf's ghost, novice GrFi


Innate Abilities, Weirdness & Mutations

You are a creature of crystalline ice.
You have a powerful freezing melee attack.
Your maximum health is increased.
Your armour is entirely melded.
You are incapable of wielding weapons or throwing items.
You cannot wear most types of armour.
You are amphibious.
You can wear up to eight rings at the same time.
((Your skin changes colour to match your surroundings (Stealth+).))
((Your rubbery body absorbs attacks. (AC +1, EV +1)))
((You are camouflaged when in or above water. (Stealth+)))
((You have tentacles for arms and can constrict up to eight enemies at once.))


Message History

The orc closely misses you. You block the orc's attack. The orc misses you.
There is a gate leading back out of this place here.
You howl as the wereblood boils in your veins!
The orc hits you but does no damage.
The orc warrior hits you from afar with a +0 halberd.
You barely miss the orc. The orc closely misses you.
The orc warrior hits you from afar with a +0 halberd!
You barely miss the orc.
You howl as the wereblood boils in your veins!
The orc misses you. The orc warrior closely misses you.
The orc barely misses you.
An orc comes into view. It is wielding a +0 spear.
There is a gate leading back out of this place here.
Okay, then.
You feel very mighty all of a sudden.
You howl as the wereblood boils in your veins!
The orc closely misses you. The orc warrior completely misses you.
The orc barely misses you. You block the orc's attack.
The orc warrior hits you with a +0 halberd!
The orc closely misses you. The orc warrior barely misses you.
The orc hits you from afar with a +3 halberd!
The orc misses you.
You punch the orc warrior! You freeze the orc warrior.
The orc warrior is heavily wounded.
The orc hits you but does no damage.
The orc hits you from afar with a +3 halberd.
The orc warrior hits you with a +0 halberd.
* * * LOW HITPOINT WARNING * * *
You block the orc's attack.
The orc warrior hits you from afar with a +0 halberd.
* * * LOW HITPOINT WARNING * * *
The orc closely misses you.
There is a gate leading back out of this place here.
The orc hits you but does no damage.
The orc hits you from afar with a +3 halberd.
* * * LOW HITPOINT WARNING * * *
The orc warrior hits you from afar with a +0 halberd!
You die...

#.....o
#.....
#....o .#
#..#.# .#
#.##8##.#
#..#.#..#
#oo.....#
#.o.....#
#Y)o...∩#
#.......#
##..∩..##
#######


You could see an orc warrior and 3 orcs.

Vanquished Creatures
  An ice beast (D:6)
  A sky beast (D:6)
  2 ogres
  3 necrophages
  2 black bears
  A lemure (D:5)
  A phantom (D:6)
  A kobold brigand (D:9)
  A scorpion (D:4)
  2 hounds (D:4)
  A bullfrog zombie (D:5)
  A centaur skeleton (D:7)
  Natasha (thrice) (D:3)
  A killer bee zombie (D:7)
  Robin (D:3)
  10 adders
  4 gnolls (D:7)
  A shadow imp (D:6)
  3 ufetubi
  An adder skeleton (D:4)
  2 worms (D:3)
  A dart slug (D:1)
  6 orcs
  10 endoplasms
  4 giant cockroaches
  15 goblins
  12 hobgoblins
  8 kobolds
  4 quokkas
  6 ball pythons
  7 bats
  A frilled lizard (D:1)
  4 rats
121 creatures vanquished.

Vanquished Creatures (collateral kills)
  Grinder (D:3)
1 creature vanquished.

Vanquished Creatures (others)
  24 plants (D:5)
24 creatures vanquished.

Grand Total: 146 creatures vanquished

Notes
Turn   | Place    | Note
-------+----------+-------------------------------------------
     0 | D:1      | buhh the Octopode Transmuter began the quest for the Orb.
     0 | D:1      | Reached XP level 1. HP: 13/13 MP: 3/3
   195 | D:1      | Reached XP level 2. HP: 14/18 MP: 3/5
   623 | D:1      | Reached XP level 3. HP: 23/24 MP: 4/6
  1624 | D:2      | Found a radiant altar of Vehumet.
  1835 | D:2      | Reached XP level 4. HP: 20/30 MP: 5/7
  2296 | D:3      | Noticed Robin
  2377 | D:3      | Learned a level 2 spell: Wereblood
  2388 | D:3      | Noticed Grinder
  2396 | D:3      | Noticed Natasha
  2403 | D:3      | Killed Natasha
  2407 | D:3      | Killed Robin
  2408 | D:3      | Reached XP level 5. HP: 20/36 MP: 5/8
  2940 | D:4      | Noticed a necrophage
  2952 | D:4      | Killed a necrophage
  2953 | D:4      | Reached XP level 6. HP: 36/43 MP: 9/9
  3651 | D:4      | Learned a level 3 spell: Spider Form
  3705 | D:4      | Identified the +0 scale mail of Itygh {rC+ Regen+}
  3961 | D:5      | Entered Level 5 of the Dungeon
  4291 | D:6      | Found a staircase to the Ecumenical Temple.
  4312 | Temple   | Entered the Ecumenical Temple
  4441 | Temple   | Became a worshipper of Cheibriados the Contemplative
  4561 | D:4      | Noticed a black bear
  4622 | D:5      | Noticed Pikel
  4697 | D:5      | Noticed Edmund
  4727 | D:6      | Reached XP level 7. HP: 48/48 MP: 6/10
  4732 | D:6      | Learned a level 4 spell: Ice Form
  4987 | D:6      | Identified the +8 long sword of Fimuenon {vamp, +Blink rF++
                  | Will+ Str-4 Dex+3}
  5004 | D:7      | Found a runed translucent gate.
  5004 | D:7      | Found a runed translucent gate.
  5004 | D:7      | Found a runed translucent gate.
  5006 | D:7      | Noticed trickyswaf's ghost (novice GrFi)
  5040 | D:7      | Reached skill level 3 in Transmutations
  5186 | D:6      | Reached skill level 4 in Transmutations
  5287 | D:6      | Identified the +4 spear of Egomania {drain, rElec rN+}
  5316 | D:6      | Reached skill level 5 in Transmutations
  5316 | D:6      | Reached XP level 8. HP: 54/54 MP: 7/11
  5741 | D:7      | Identified the +7 hunting sling "Ixyfuwa" {vorpal, rF- rC-
                  | rN+++ SInv}
  6451 | D:7      | Noticed Duvessa
  6451 | D:7      | Noticed Dowan
  6505 | D:7      | Reached skill level 6 in Transmutations
  7664 | D:3      | Noticed Natasha
  7667 | D:3      | Killed Natasha
  7674 | D:3      | Noticed Natasha
  7676 | D:3      | Reached * piety under Cheibriados
  7680 | D:3      | Killed Natasha
  7734 | D:3      | Paralysed by Grinder for 4 turns
  7752 | D:3      | Paralysed by Grinder for 3 turns
  7762 | D:3      | Killed Grinder
  7763 | D:3      | Reached skill level 7 in Transmutations
  7961 | D:3      | Found a bloodstained altar of Trog.
  8198 | D:5      | HP: 1/64 [orc wizard] (15)]
  8656 | D:9      | Found a flagged portal.
  8669 | Bailey   | Entered a bailey
  8717 | Bailey   | Reached XP level 9. HP: 58/58 MP: 6/12
  8730 | Bailey   | Slain by an orc warrior

Illustrated notes

Levels and vault maps discovered:
D:1:      dpeg_arrival_leaves_temple_mockup, layout_basic, serial_park_tiny_1
D:2:      layout_basic, basic_altar
D:3:      layout_basic, lemuel_coloured_pillars_altar, uniq_grinder,
          uniq_natasha, uniq_robin
D:4:      layout_gridville
D:5:      layout_rooms, chequers_big_river, corexii_leaking_fountain,
          grunt_decor_junction, uniq_pikel, uniq_crazy_yiuf_cottage, uniq_edmund
D:6:      layout_gridville, minmay_temple_entry_sparse_star
D:7:      black_bear_nest_2, layout_basic, gammafunk_ghost_split, uniq_duvessa
D:8:      cheibrodos_helix_gallery, layout_basic, uniq_erica, uniq_maurice
D:9:      minmay_distorted_concentric_squares, layout_long_grid, enter_bailey_1,
          nicolae_wwwww
Temple:   mainiacjoe_temple_cubbyholes
Bailey:   bailey_polearm_5, bailey

Skill      XL: |  1  2  3  4  5  6  7  8 |
---------------+-------------------------+-----
Stealth        | 1 |  1.0
Fighting       | 2 3 4 |  4.0
Unarmed Combat | 4 5 |  5.0
Ice Magic      | 4 6 |  6.2
Transmutations | 5 7 |  7.2
Dodging        | |  2.0
Spellcasting   | |  2.0

Action                   |  1- 3 |  4- 6 |  7- 9 || total
-------------------------+-------+-------+-------++-------
Melee: Unarmed           |    79 |   101 |   100 ||   280
       Kick              |    28 |    29 |     1 ||    58
       Constrict         |    18 |    28 |     3 ||    49
       Punch             |     5 |     4 |     1 ||    10
       Tentacles         |     9 |    21 |     4 ||    34
       Long sword        |       |       |    11 ||    11
       Staff             |       |       |     3 ||     3
 Cast: Beastly Appendage |    26 |    28 |     1 ||    55
       Wereblood         |       |     1 |     1 ||     2
       Spider Form       |       |     3 |     4 ||     7
       Ice Form          |       |       |    26 ||    26
  Use: Scroll            |     4 |     5 |    10 ||    19
       Potion            |       |     1 |     2 ||     3
 Stab: Sleeping          |     7 |     5 |     2 ||    14
       Distracted        |       |       |     1 ||     1
Armor: Skin              |     6 |     6 |    35 ||    47
Dodge: Dodged            |    43 |    62 |    74 ||   179
Block: Other             |       |       |    31 ||    31
       Reflection        |       |       |     1 ||     1
